Map: 윈터스 게이트 - 래더

Players

Zest - Winner!

  • Race: Protoss Protoss
  • League: Master
  • Spawn Location: 11:00

Clem

  • Race: Terran Terran
  • League: Master
  • Spawn Location: 5:00

Event: HomeStory Cup XX

VOD

Have the link to the VOD?

Description

Time

  • Played on: Nov. 22, 2019, 7:09 a.m.
  • Length: 11:52

All games in this series

Show
View Real Time Build Order
Export as new Build Order

Zest Protoss - Winner!

Build Orders: 1 Gate Expand, Oracle Opening, Chargelot Immortal 

Get SALT Encoding   

  12  0:00  Probe  
  13  0:12  Probe  
  14  0:18  Pylon  
  14  0:24  Probe  
  15  0:32  Probe  
  15  0:36  Gateway  
  15  0:40  Probe  
  16  0:45  Assimilator  
  17  0:51  Probe  
  18  1:03  Probe  
  19  1:15  Probe  
  20  1:22  Nexus  
  20  1:32  Cybernetics Core  
  20  1:34  Probe  
  21  1:40  Assimilator  
  21  1:47  Probe  
  22  1:50  Pylon  
  22  1:59  Probe  
  22  2:00  Adept  
  23  2:09  Stargate  
  23  2:12  Probe  
  25  2:18  Warp Gate  
  25  2:20  Adept  
  25  2:24  Probe  
  26  2:34  Probe  
  29  2:37  Probe  
  29  2:42  Oracle  
  30  2:46  Probe  
  30  2:49  Probe  
  35  2:59  Probe  
  35  3:03  Probe  
  37  3:09  Oracle  
  37  3:11  Probe  
  37  3:12  Pylon  
  38  3:15  Probe  
  42  3:23  Probe  
  43  3:27  Probe  
  43  3:32  Gateway x2  
  44  3:36  Oracle, Probe  
  44  3:39  Probe  
  49  3:48  Probe  
  49  3:52  Probe  
  51  3:56  Pylon  
  51  4:00  Probe  
  52  4:04  Probe  
  52  4:07  Nexus  
  53  4:12  Probe  
  53  4:16  Probe  
  55  4:17  Pylon  
  55  4:25  Probe  
  55  4:28  Forge, Probe, Twilight Council  
  57  4:32  Assimilator  
  57  4:34  Protoss Ground Weapons Level 1  
  57  4:37  Probe  
  58  4:38  Assimilator  
  58  4:39  Blink  
  58  4:40  Pylon, Probe  
  59  4:49  Probe  
  59  4:52  Probe  
  61  5:00  Robotics Facility  
  61  5:15  Pylon, Sentry, Probe  
  61  5:16  Probe  
  65  5:23  Gateway  
  65  5:25  Gateway x2  
  65  5:28  Sentry, Gateway  
  67  5:30  Gateway  
  67  5:41  Pylon  
  67  5:46  Stalker x2  
  67  5:48  Shield Battery  
  71  5:50  Pylon  
  71  5:52  Sentry  
  71  5:53  Immortal  
  75  6:11  Stalker x2  
  73  6:20  Stalker  
  73  6:23  Stalker x3  
  75  6:27  Stalker  
  75  6:29  Immortal  
  75  6:30  Pylon  
  81  6:43  Probe x3  
  81  6:46  Stalker x2, Zealot x2  
  92  6:48  Pylon  
  92  6:53  Stalker x2  
  59  6:54  Charge  
  94  7:09  Immortal  
  94  7:12  Protoss Ground Armor Level 1  
  98  7:15  Photon Cannon  
  98  7:16  Photon Cannon  
  98  7:17  Pylon  
  98  7:24  Probe x3  
  98  7:27  Pylon  
  101  7:36  Probe x2  
  103  7:40  Pylon, Immortal  
  103  7:44  Probe  
  104  7:47  Pylon  
  104  7:48  Probe x2  
  110  7:51  Robotics Bay  
  110  7:54  Assimilator  
  110  7:55  Assimilator  
  110  7:56  Probe  
  110  7:57  Photon Cannon  
  111  8:00  Probe  
  111  8:04  Pylon  
  112  8:10  Pylon  
  112  8:16  Zealot x4  
  112  8:17  Zealot x2  
  124  8:22  Observer  
  125  8:33  Colossus  
  123  8:35  Stalker, Extended Thermal Lance  
  123  8:36  Stalker  
  123  8:37  Probe  
  123  8:38  Probe x2  
  128  8:47  Robotics Facility  
  134  8:49  Forge, Probe  
  134  8:50  Probe x2  
  137  9:09  Zealot x7  
  151  9:10  Pylon  
  151  9:14  Colossus  
  151  9:15  Pylon  
  133  9:26  Colossus  
  139  9:45  Nexus  
  139  9:50  Zealot  
  139  9:56  Observer  
  139  10:00  Warp Prism  
  139  10:02  Zealot  
  143  10:21  Zealot  
  143  10:22  Zealot x7  
  159  10:31  Templar Archives, Dark Shrine  
  159  10:32  Probe x3  
  156  10:50  Zealot x8  
  170  10:59  Pylon  
  167  11:13  Zealot  
  167  11:14  Zealot x7  
  169  11:34  Stalker x4  
  169  11:35  Stalker x4  
Show
View Real Time Build Order
Export as new Build Order

Clem Terran 

Build Orders: Reaper Expand 

Get SALT Encoding   

  12  0:00  SCV  
  13  0:12  SCV  
  14  0:16  Supply Depot  
  14  0:24  SCV  
  15  0:38  SCV  
  15  0:40  Barracks  
  15  0:42  Refinery  
  16  0:50  SCV  
  17  1:02  SCV  
  18  1:14  SCV  
  19  1:29  Orbital Command, Reaper  
  20  1:38  Command Center  
  20  1:46  Supply Depot  
  20  1:55  SCV  
  21  2:01  Barracks Reactor  
  21  2:07  SCV  
  22  2:09  Bunker  
  22  2:10  Refinery  
  22  2:19  SCV  
  22  2:21  Factory  
  23  2:31  SCV  
  24  2:37  Marine x2  
  24  2:43  SCV  
  27  2:51  Orbital Command  
  27  2:55  Marine x2, SCV  
  30  3:06  Starport, Widow Mine  
  30  3:08  SCV  
  33  3:13  Marine x2  
  33  3:18  SCV  
  36  3:20  SCV  
  36  3:25  Barracks  
  36  3:28  Factory Tech Lab  
  36  3:30  SCV  
  36  3:32  Marine x2  
  39  3:35  SCV  
  39  3:38  Supply Depot  
  40  3:42  SCV  
  40  3:45  Viking  
  40  3:47  SCV  
  44  3:54  Barracks  
  44  3:56  SCV  
  44  3:59  Marine x2  
  44  4:01  Factory Reactor  
  47  4:03  Engineering Bay  
  47  4:05  SCV  
  47  4:08  Supply Depot  
  48  4:10  SCV  
  49  4:18  Marine x2  
  49  4:19  SCV  
  49  4:21  Starport Reactor  
  52  4:25  Refinery, Supply Depot  
  52  4:26  Stimpack  
  52  4:28  SCV  
  53  4:32  Marauder  
  53  4:35  SCV  
  54  4:41  SCV  
  54  4:43  Barracks Tech Lab  
  54  4:44  Terran Infantry Weapons Level 1  
  55  4:47  SCV  
  55  4:49  Widow Mine x2  
  60  4:53  Supply Depot, SCV  
  60  4:54  Marine x2  
  60  4:59  Missile Turret, SCV  
  64  5:02  Missile Turret  
  64  5:05  Medivac  
  66  5:08  Medivac  
  66  5:13  Marauder  
  70  5:15  Marauder  
  70  5:16  SCV  
  70  5:18  SCV  
  74  5:22  Marine x2  
  74  5:25  Supply Depot  
  76  5:29  Widow Mine  
  76  5:30  Combat Shield  
  76  5:34  Supply Depot  
  78  5:47  Marine, Marauder x2, Widow Mine, SCV  
  86  5:53  Supply Depot  
  86  5:55  Refinery, Marine, SCV, Medivac x2  
  92  5:57  Widow Mine  
  92  6:01  Supply Depot  
  94  6:06  Concussive Shells  
  94  6:08  Marine  
  94  6:10  SCV  
  94  6:11  SCV  
  94  6:12  Marauder  
  94  6:14  Marauder  
  91  6:19  Widow Mine, Marine  
  87  6:30  Marine  
  88  6:33  Marauder  
  88  6:34  Widow Mine, Supply Depot  
  88  6:36  Command Center  
  92  6:41  Widow Mine  
  92  6:43  Medivac  
  92  6:44  Marine  
  92  6:45  Marauder  
  99  6:48  Liberator, Terran Infantry Armor Level 1  
  99  6:50  Marine  
  99  6:55  Barracks  
  99  6:56  Widow Mine  
  99  6:58  Marine  
  99  7:00  Barracks  
  97  7:05  Marine  
  99  7:09  Supply Depot  
  99  7:12  Marauder, SCV  
  99  7:13  SCV  
  99  7:15  Marine  
  104  7:16  Marauder  
  104  7:19  Widow Mine  
  104  7:22  Supply Depot  
  108  7:24  SCV  
  108  7:28  Marine  
  112  7:30  Widow Mine  
  112  7:33  Marauder  
  114  7:37  Ghost Academy, Supply Depot  
  114  7:38  Marauder, SCV x2  
  118  7:45  Widow Mine  
  118  7:46  Barracks Tech Lab  
  118  7:49  Orbital Command  
  118  7:50  SCV  
  123  7:51  Widow Mine  
  123  7:52  SCV  
  124  8:02  SCV  
  124  8:05  Barracks Reactor  
  125  8:06  Marine x2, Marauder x2, SCV  
  125  8:07  Widow Mine  
  125  8:11  Liberator  
  136  8:13  Widow Mine, Marauder  
  136  8:14  SCV  
  136  8:15  SCV  
  136  8:19  SCV  
  135  8:20  Supply Depot  
  135  8:24  Marine x2  
  137  8:28  Widow Mine  
  137  8:29  Marauder x2  
  137  8:33  SCV  
  143  8:37  SCV  
  143  8:38  Ghost  
  143  8:39  Refinery  
  143  8:40  Widow Mine  
  148  8:42  Marine x2, Supply Depot  
  147  8:50  SCV  
  147  8:51  Marauder, Armory  
  147  8:52  Engineering Bay  
  147  8:53  Refinery  
  147  8:54  SCV x2  
  147  8:55  Marine x2  
  154  9:03  Ghost  
  154  9:04  Supply Depot  
  154  9:06  Marine x2  
  154  9:08  SCV x2  
  154  9:09  SCV  
  156  9:11  Medivac  
  156  9:14  Marauder  
  156  9:15  Marine x2  
  162  9:23  Marauder  
  143  9:26  Widow Mine x2, Marine x2  
  128  9:32  Marauder  
  128  9:36  Command Center  
  128  9:40  Marine x2  
  129  9:46  SCV x2  
  129  9:48  SCV  
  129  9:50  Marine x2  
  134  9:54  Marauder x2  
  134  9:58  Ghost  
  141  10:11  Barracks x2  
  135  10:15  Barracks  
  135  10:18  Starport  
  135  10:21  Marauder x2  
  139  10:22  Medivac x2  
  139  10:23  Marine x4  
  139  10:28  Marauder, Supply Depot  
  149  10:34  SCV  
  151  10:35  SCV  
  151  10:41  Marine x2  
  151  10:42  Marine, Marauder  
  153  10:43  Marauder  
  153  10:47  SCV  
  153  10:49  Marauder  
  158  10:51  Marine  
  158  10:56  Medivac  
  157  11:00  Medivac x2  
  157  11:02  Viking  
  157  11:03  Marauder  
  161  11:04  Marauder  
  161  11:05  Marine x2  
  161  11:10  Marine x2  
  161  11:11  Marauder  
  150  11:21  Marine x3  
  150  11:25  Marauder  
  152  11:26  Marauder  
  152  11:31  Marine  
  152  11:32  Marine  
Tags
 
Add a new tag
Caveats
  • Supply blocks, unpowered buildings, or Contaminate may cause inaccurate times.
  • Supply counts are checked every 10 seconds.